 Dungeon Crawl Stone Soup version 0.31-a0-331-geda263fcf1 (webtiles) character file.

Game seed: 17323382145861717231

1155 Gelion the Ruffian (level 8, -4/78 HPs)
             Began as a Troll Shapeshifter on July 19, 2023.
             Succumbed to a water moccasin's poison
             ... on level 7 of the Dungeon.
             The game lasted 00:09:48 (4221 turns).

Gelion the Ruffian (Troll Shapeshifter)             Turns: 4221, Time: 00:09:48

Health: -4/78      AC:  5    Str: 24    XL:     8   Next: 16%
Magic:  7/7        EV: 10    Int:  4    God:
Gold:   278        SH:  0    Dex: 18    Spells: 7/7 levels left

rFire   . . .        q - +7 falchion "Bowihot" {spect, Fly rC+}
rCold   + . .        (no shield)
rNeg    . . .        a - +1 animal skin
rPois   .            (helmet currently unavailable)
rElec   .            (cloak currently unavailable)
rCorr   .            (gloves unavailable)
SInv    +            (boots unavailable)
Will    .....        (no amulet)
Stlth   ++           e - +6 ring of dexterity
HPRegen 1.13/turn    l - ring of see invisible
MPRegen 0.10/turn

%: no passive effects
@: lethally poisoned (-4 -> -24), beast-form, flying
A: beast (slay +4), large, unfitting armour, claws 3, regeneration 1, shaggy fur
1, tough skin 1
a: Begin Untransformation


You were on level 7 of the Dungeon.
You were a hulking beast.
You visited 1 branch of the dungeon, and saw 7 of its levels.

You collected 338 gold pieces.
You spent 60 gold pieces at shops.

Inventory:

Hand Weapons
 q - the +7 falchion "Bowihot" (weapon) {spect, Fly rC+}
   (You found it on level 5 of the Dungeon)

   rC:        It protects you from cold.
   Fly:       It grants you flight.
Missiles
 p - a throwing net
 s - 6 javelins
Armour
 a - a +1 animal skin (worn)
 n - a +0 cloak
Jewellery
 e - a +6 ring of dexterity (left claw)
 l - a ring of see invisible (right claw)
Talismans
 c - a beast talisman
Wands
 u - a wand of polymorph (13)
Scrolls
 d - a scroll of brand weapon
 g - 3 scrolls of enchant armour
 h - 3 scrolls of teleportation
 k - a scroll of vulnerability
 t - a scroll of fog
Potions
 b - 2 potions of lignification
 f - 2 potions of heal wounds
 i - 4 potions of curing
 j - 3 potions of attraction
 m - 2 potions of haste
 o - a potion of magic
 r - 2 potions of brilliance
 v - a potion of ambrosia


   Skills:
 + Level 3.8 Fighting
 - Level 1.5 Dodging
 * Level 6.4 Unarmed Combat
 * Level 5.9 Shapeshifting


You had 7 spell levels left.
You didn't know any spells.
Your spell library contained the following spells:

 Spells                   Type           Power      Damage    Failure   Level
 Magic Dart               Conj           0%         1d3       50%         1
 Sandblast                Erth           0%         2d4       50%         1
 Cigotuvi's Dreadful Rot  Necr/Pois/Air  0%         N/A       65%         2
 Passwall                 Tmut/Erth      0%         N/A       65%         2
 Scorch                   Fire           0%         2d5       65%         2
 Searing Ray              Conj           0%         2d4       65%         2
 Ignite Poison            Fire/Tmut/Pois 0%         N/A       86%         3
 Stone Arrow              Conj/Erth      0%         3d7       86%         3
 Flame Wave               Conj/Fire      0%         2d4       99%         4
 Fulminant Prism          Conj/Hex       0%         3d5       99%         4
 Freezing Cloud           Conj/Ice/Air   0%         6-21      100%        5
 Summon Cactus Giant      Summ           0%         N/A       100%        6


Dungeon Overview and Level Annotations

Branches:
Dungeon (7/15)
 Temple: D:4-7

Altars:
Ashenzari
Fedhas
Hepliaklqana
Kikubaaqudgha
Makhleb
Uskayaw
Xom

Shops:
D:5 *?

Annotations:
D:4 3 runed translucent doors, GiantSquids's ghost, amateur OpSh


Innate Abilities, Weirdness & Mutations

You are a hulking beast.
Your limbs bulge with bestial killing power. (Slay +4)
You are too large for most types of armour.
You have claws for hands.
Your natural rate of healing is unusually fast.
You are covered in fur. (AC +1)
You have tough skin. (AC +1)


Message History

The water moccasin bites you but does no damage.
You slash the orc!
You kill the orc!
You feel very sick. The orc hits you but does no damage.
The water moccasin bites you!
The orc priest hits you with a +0 short sword.
The orc hits you but does no damage.
You hit the orc priest.
The orc priest is heavily wounded.
You feel very sick. The water moccasin bites you.
You are more poisoned.
The water moccasin poisons you! The water moccasin bites you!
You are more poisoned.
The water moccasin poisons you! The orc hits you but does no damage.
The orc priest hits you but does no damage.
The howler monkey hoots and howls with incredible vigour!
You hear an angry buzzing noise.
You hear a shout!
You hit the orc priest but do no damage.
The orc priest is heavily wounded.
You feel extremely sick. The water moccasin bites you.
* * * LOW HITPOINT WARNING * * *
You are more poisoned.
The water moccasin poisons you! The orc barely misses you.
The orc priest closely misses you. The water moccasin bites you.
* * * LOW HITPOINT WARNING * * *
You closely miss the orc priest.
The orc priest is heavily wounded.
* * * LOW HITPOINT WARNING * * *
You feel extremely sick. The water moccasin closely misses you.
The orc closely misses you. The orc priest misses you.
The water moccasin barely misses you.
The howler monkey hoots and howls with incredible vigour!
The orc priest hits you with a +0 short sword.
* * * LOW HITPOINT WARNING * * *
The orc hits you but does no damage.
You slash the orc priest!
You kill the orc priest!
You die...

#..# #...# ## # #?..
.## ..#...#### ..#
.........###.###
............... #
...........#.#####..#
.(...........hSh)...#
.......<...##oo####.#
...........###h..#
...........# ###.#
..........## .#
...#....... # ##
####..... #####.. #..


You could see a water moccasin, 2 howler monkeys and 2 orcs.

Vanquished Creatures
  A sky beast (D:6)
  An ogre (D:6)
  A centaur (D:6)
  A phantom (D:5)
  5 scorpions
  A howler monkey (D:5)
  3 orc priests
  2 hounds (D:5)
  An iguana (D:5)
  Crazy Yiuf (D:3)
  An orc wizard (D:3)
  Robin (D:2)
  4 gnolls (D:4)
  10 adders
  2 shadow imps (D:6)
  A white imp (D:6)
  An ufetubus (D:5)
  A worm (D:2)
  2 dart slugs
  17 orcs
  3 ball pythons
  9 endoplasms
  2 giant cockroaches
  20 goblins
  7 hobgoblins
  2 quokkas
  8 bats
  6 frilled lizards
  7 kobolds
  3 rats
124 creatures vanquished.

Notes
Turn   | Place    | Note
-------+----------+-------------------------------------------
     0 | D:1      | Gelion the Troll Shapeshifter began the quest for the Orb.
     0 | D:1      | Reached XP level 1. HP: 19/19 MP: 0/0
    86 | D:1      | Found a faded altar of an unknown god.
   155 | D:1      | Reached XP level 2. HP: 28/28 MP: 1/1
   470 | D:1      | Found a burning altar of Makhleb.
   527 | D:2      | Reached XP level 3. HP: 35/35 MP: 2/2
   632 | D:2      | Reached skill level 3 in Unarmed Combat
   832 | D:2      | Reached XP level 4. HP: 42/42 MP: 3/3
   955 | D:2      | Noticed Robin
   988 | D:2      | Killed Robin
  1446 | D:3      | Reached XP level 5. HP: 44/50 MP: 4/4
  2091 | D:3      | Found a runed translucent door.
  2092 | D:3      | Noticed Crazy Yiuf
  2222 | D:3      | Killed Crazy Yiuf
  2296 | D:4      | Found a runed translucent gate.
  2296 | D:4      | Found a runed translucent gate.
  2296 | D:4      | Found a runed translucent gate.
  2297 | D:4      | Noticed GiantSquids's ghost (amateur OpSh)
  2388 | D:4      | Found a hide-covered altar of Uskayaw.
  2388 | D:4      | Found a broken altar of Ashenzari.
  2388 | D:4      | Found an ancient bone altar of Kikubaaqudgha.
  2414 | D:4      | Reached skill level 4 in Unarmed Combat
  2684 | D:4      | Found a blossoming altar of Fedhas.
  2698 | D:4      | Found a shimmering altar of Xom.
  2849 | D:5      | Entered Level 5 of the Dungeon
  2975 | D:5      | Reached XP level 6. HP: 38/59 MP: 5/5
  3061 | D:5      | Reached skill level 5 in Unarmed Combat
  3061 | D:5      | Reached XP level 7. HP: 36/67 MP: 6/6
  3106 | D:5      | Identified the +7 falchion "Bowihot" {spect, Fly rC+}
  3164 | D:5      | Found Igiawaq's Magic Scroll Shoppe.
  3174 | D:5      | Reached skill level 5 in Shapeshifting
  3182 | D:5      | Bought a scroll of identify for 20 gold pieces
  3182 | D:5      | Bought a scroll of identify for 20 gold pieces
  3182 | D:5      | Bought a scroll of identify for 20 gold pieces
  3420 | D:5      | Found Asiudgh's General Store.
  3810 | D:6      | Reached skill level 6 in Unarmed Combat
  3887 | D:6      | Reached XP level 8. HP: 45/78 MP: 7/7
  4073 | D:6      | Found a hazy altar of Hepliaklqana.
  4220 | D:7      | HP: 2/78 [orc priest/+0 short sword (2)]
  4221 | D:7      | Succumbed to a water moccasin's poison

Illustrated notes

Levels and vault maps discovered:
D:1:      dpeg_arrival_lava_altar, layout_basic,
          ebering_ecumenical_altar_abandoned
D:2:      layout_basic, guppyfry_early_orc_mine, uniq_robin
D:3:      layout_basic, uniq_crazy_yiuf_cottage
D:4:      layout_rooms, fedhas_ov_isle_minmay, gammafunk_temple_overflow_claw,
          mainiacjoe_overflow_alcove_1, gammafunk_ghost_necromancy
D:5:      layout_rooms, serial_shops, shop, shop, grunt_decor_fettered
D:6:      layout_basic, nzn_hepliaklqana_mist_gate, minmay_diced_spiral
D:7:      layout_rooms, nicolae_overflow_hidden_temple, temple_doors_ab,
          minmay_fractal_squares_gapless_5

Skill      XL: |  1  2  3  4  5  6  7 |
---------------+----------------------+-----
Fighting       | 2 3 |  3.8
Unarmed Combat | 3 4 5 6 |  6.4
Shapeshifting  | 4 5 |  5.9
Dodging        | |  1.5

Action                     |  1- 3 |  4- 6 |  7- 9 || total
---------------------------+-------+-------+-------++-------
  Melee: Unarmed           |    63 |   146 |     1 ||   210
         Punch             |     1 |     3 |     1 ||     5
         Falchion          |       |       |    43 ||    43
    Use: Scroll            |     5 |     6 |     4 ||    15
   Stab: Sleeping          |     1 |     2 |       ||     3
 Armour: Animal skin       |    23 |    50 |    16 ||    89
  Dodge: Dodged            |    23 |    65 |    19 ||   107

Table legend: (Time is in decaauts)
 A = Elapsed time spent in this place.
 B = Non-inter-level travel time spent in this place.
 C = Inter-level travel time spent in this place.
 D = Time resting spent in this place.
 E = Time spent auto-exploring this place.
 F = Levels seen in this place.
 G = Mean time per level.
                   A        B        C        D        E       F      G
               +--------+--------+--------+--------+--------+-----+--------+
         Total |   4217 |   4061 |    156 |     27 |   3384 |   7 |  602.4 |
       Dungeon |   4217 |   4061 |    156 |     27 |   3384 |   7 |  602.4 |
               +--------+--------+--------+--------+--------+-----+--------+

Top non-repeatable levels by time:
     D:3: 989 daAuts
     D:2: 777 daAuts
     D:6: 736 daAuts
     D:5: 624 daAuts
     D:4: 563 daAuts
     D:1: 506 daAuts
     D:7: 17 daAuts
